AoeStats
← gob b

Four Lakes

503290841Analyzed
4v4 RM · 1mo ago on Aug 31, 2026· 25m 42s· 8 players
Game mode
Random Map
Map size
Large (8 player)
Population
200
Speed
Normal
Resources
Standard
Victory
Conquest
Starting age
Dark Age
Ending age
Imperial Age
RankedLock teamsTeams togetherTeam positionsShared explorationLock speedFull tech treeHidden civsTurbo modeCheats
Victory
Defeat
🇲🇽 Vietnamese · Mexico
1272
+14
🇵🇹 Huns · Portugal
1256
+15
🇨🇴 Persians · Colombia
1249
+15
🇺🇸 Saracens · United States
1240
+16
🇨🇴 Armenians · Colombia
1261
-16
🇦🇷 Gurjaras · Argentina
1248
-16
🇮🇳 Burgundians · India
1216
-14
🇨🇱 Saracens · Chile
1199
-13
gob b
8:16 Loom
11:08 Feudal Age
9:32 Double-Bit Axe
9:32 Horse Collar
16:06 Castle Age
14:54 Bow Saw
16:12 Scale Barding Armor
16:26 Cavalier
18:05 Fletching
21:52 Cavalier
22:52 Bodkin Arrow
Chancellor Lizard
9:34 Loom
12:21 Feudal Age
[CDM] Lam
6:49 Loom
9:22 Feudal Age
13:05 Fletching
Haniek!!
9:38 Loom
11:38 Feudal Age
12:40 Double-Bit Axe
12:51 Fishing Lines
1of4kind
6:10 Loom
9:12 Feudal Age
9:56 Double-Bit Axe
14:15 Padded Archer Armor
14:38 Fletching
22:32 Castle Age
22:55 Crossbowman
23:31 Bodkin Arrow
23:43 Thumb Ring
25:00 Bow Saw
24:32 Horse Collar
24:44 Gold Mining
24:45 Stone Mining
25:51 Wheelbarrow
25:01 Town Watch
Speed_of_Anarchy
8:03 Loom
10:24 Feudal Age
12:01 Double-Bit Axe
11:58 Horse Collar
17:39 Forging
18:45 Scale Barding Armor
19:27 Bloodlines
20:56 Wheelbarrow
21:21 Gold Mining
25:37 Castle Age
batbeetch
7:15 Loom
9:29 Feudal Age
11:04 Double-Bit Axe
12:54 Town Watch
14:19 Wheelbarrow
14:25 Horse Collar
14:39 Fletching
18:07 Gold Mining
23:24 Castle Age
23:45 Padded Archer Armor
23:28 Crossbowman
24:14 Thumb Ring
24:05 Bodkin Arrow
24:48 Leather Archer Armor
25:58 Bow Saw
25:50 Heavy Plow
Flower
6:23 Loom
11:39 Feudal Age
12:55 Double-Bit Axe
13:55 Horse Collar
15:17 Wheelbarrow
21:50 Castle Age
20:54 Bloodlines
20:52 Scale Barding Armor
22:00 Forging
24:55 Fishing Lines
25:51 Chain Barding Armor
25:59 Husbandry
Connection lost

Rejoining the realm…

Still unreachable

The connection could not be restored.

Session expired

The server has moved on; the page needs a fresh start.